 Dungeon Crawl Stone Soup version 0.18.1-50-g88ac8fd (webtiles) character file.

192 PrimeGen the Sneak (level 5, 0/41 HPs)
             Began as a Vampire Monk on Nov 11, 2016.
             Shot with an arrow by a centaur (4 damage)
             ... on level 5 of the Dungeon.
             The game lasted 00:29:07 (2407 turns).

PrimeGen the Sneak (Vampire Monk)                   Turns: 2407, Time: 00:29:08

Health: 0/41       AC:  0    Str: 10    XL:     5   Next: 42%
Magic:  3/5        EV: 23    Int: 13    God:
Gold:   176        SH:  0    Dex: 22    Spells: 0 memorised, 4 levels left

rFire  . . .     SeeInvis +       - Unarmed
rCold  . . .     Gourm    .     (armour currently unavailable)
rNeg   + . .     Faith    .     (shield currently unavailable)
rPois  .         Spirit   .     (helmet currently unavailable)
rElec  .         Dismiss  .     (cloak currently unavailable)
rCorr  .         Reflect  .     (gloves currently unavailable)
SustAt .         Harm     .     (boots currently unavailable)
MR     .....                    (no amulet)
Stlth  ++++......               (ring currently unavailable)
                                (ring currently unavailable)

@: bat-form, flying, very quick, not resistant to hostile enchantments, stealthy
A: fangs 3, see invisible, (unbreathing)
a: End Transformation


You were on level 5 of the Dungeon.
You were not thirsty.
You were in vampire-bat-form.
You visited 1 branch of the dungeon, and saw 5 of its levels.

You collected 176 gold pieces.

Inventory:

Hand Weapons
 d - a cursed -2 dagger
 f - a +0 dagger
 k - a +0 hunting sling
 m - a +0 short sword
 n - a +0 club
 p - a +1 dagger of venom (melded)
 s - a +0 long sword
Missiles
 g - 9 poisoned needles
 i - 12 bolts
 j - 48 arrows
Armour
 a - a +0 robe (melded)
 l - a +0 pair of gloves of dexterity (melded)
 t - a +0 leather armour
Jewellery
 c - a ring of wizardry (melded)
 y - a +4 ring of strength (melded)
Wands
 B - a wand of slowing (17/48)
Scrolls
 e - 2 scrolls of remove curse {unknown}
 q - 4 scrolls of magic mapping {unknown}
 r - 5 scrolls of identify {unknown}
 x - 2 scrolls of random uselessness {unknown}
Potions
 o - 2 potions of curing {unknown}
 u - a potion of mutation {unknown}
 v - a potion of heal wounds {unknown}
 w - a potion of haste {unknown}
 z - 2 potions of degeneration {unknown}
 A - a potion of agility {unknown}
Comestibles
 h - a slice of pizza


   Skills:
 + Level 3.2 Fighting
 * Level 2.1 Short Blades
 + Level 4.1 Dodging
 + Level 5.8 Stealth
 - Level 4.9 Unarmed Combat


You had 4 spell levels left.
You didn't know any spells.

Dungeon Overview and Level Annotations

Branches:
Dungeon (5/15)             Temple (0/1) D:5

Altars:
Cheibriados
Nemelex Xobeh
Pakellas
Ru
Trog
Vehumet
The Shining One

Shops:
D:5 %

Portals:
Sewer: D:5

Annotations:
D:4 yuiikari's ghost, amateur GrGl
D:5 bigpeters's ghost, novice MiBe


Innate Abilities, Weirdness & Mutations

You have razor-sharp teeth.
You have supernaturally acute eyesight.
((You can survive without breathing.))


Message History

The centaur is heavily wounded.
The centaur closely misses you.
You barely miss the centaur.
The centaur is heavily wounded.
The centaur hits you.
* * * LOW HITPOINT WARNING * * *
The centaur closely misses you.
You turn into a vampire bat.
Your +1 dagger of venom melds into your body.
Your +0 pair of gloves of dexterity melds into your body.
Your +0 robe melds into your body.
Your ring of wizardry melds into your body.
Your +4 ring of strength melds into your body.
Your +1 dagger of venom stops dripping with poison.
You feel clumsy.
You feel weaker. The centaur barely misses you.
The centaur wields an uncursed shortbow.
The centaur shoots an arrow.
The arrow barely misses you.
The centaur shoots an arrow.
The arrow hits you.
You die...

#...#.......#.......+ #.
#...#.......#...# ..# #.
#...#.b.....#...##..#### #..
##...#.......+........... #c.
#....(†..................
#...##..(#c...............<..
.r#...##c..#....(..............
......hrh..#........b_.........
.....h.(...#..b............##..
...≈≈≈.....#.............(.##..
..≈≈≈≈≈....#.......#........#..
..≈≈∩≈≈....#...(...#........#..
..≈≈≈≈≈....#.......#........#..
...≈≈≈.....#.(.....#.......##..
...........#...............##..
...........#...............#...
#......###......#...


You could see a centaur.

Vanquished Creatures
  A centaur zombie (D:5)
  A hound (D:5)
  An iguana (D:4)
  2 adders
  A shadow imp (D:5)
  2 oozes
  An adder skeleton (D:4)
  2 worms (D:3)
  2 dart slugs (D:2)
  3 giant geckos
  5 orcs
  6 bats
  4 giant cockroaches
  2 hobgoblins
  3 jackals (D:5)
  A ball python (D:5)
  3 giant newts
  8 goblins
  6 kobolds
  6 rats
  A butterfly (D:5)
  2 plants (D:1)
63 creatures vanquished.

Notes
Turn   | Place    | Note
--------------------------------------------------------------
     0 | D:1      | PrimeGen the Vampire Monk began the quest for the Orb.
     0 | D:1      | Reached XP level 1. HP: 17/17 MP: 1/1
   260 | D:1      | Reached XP level 2. HP: 18/23 MP: 2/2
   542 | D:2      | Found an oddly glowing altar of Pakellas.
   695 | D:2      | Reached XP level 3. HP: 24/28 MP: 3/3
   946 | D:2      | Found a sparkling altar of Nemelex Xobeh.
  1157 | D:2      | Reached skill level 4 in Stealth
  1293 | D:2      | Found a snail-covered altar of Cheibriados.
  1293 | D:2      | Found a sacrificial altar of Ru.
  1360 | D:3      | Reached skill level 1 in Short Blades
  1571 | D:3      | Reached XP level 4. HP: 35/35 MP: 4/4
  2000 | D:4      | Noticed yuiikari's ghost (amateur GrGl)
  2034 | D:5      | Entered Level 5 of the Dungeon
  2034 | D:5      | Found a radiant altar of Vehumet.
  2057 | D:5      | Found Gello's Food Shoppe.
  2117 | D:5      | Found a staircase to the Ecumenical Temple.
  2130 | D:5      | Noticed bigpeters's ghost (novice MiBe)
  2191 | D:5      | Reached skill level 5 in Stealth
  2191 | D:5      | Reached XP level 5. HP: 41/41 MP: 5/5
  2334 | D:5      | Found a bloodstained altar of Trog.
  2337 | D:5      | Found a glowing golden altar of the Shining One.
  2374 | D:5      | Found a glowing drain.
  2378 | D:5      | Noticed a centaur
  2407 | D:5      | Shot with an arrow by a centaur

Skill      XL: |  1  2  3  4  5 |
---------------+----------------+-----
Fighting       | 3 |  3.2
Stealth        | 4 5 |  5.8
Short Blades   | 1 2 |  2.1
Dodging        | 4 |  4.1
Unarmed Combat | |  4.9

Action                   |  1- 3 |  4- 6 || total
-------------------------+-------+-------++-------
Melee: Unarmed           |   148 |       ||   148
       Bite              |    27 |    17 ||    44
       Punch             |     8 |     1 ||     9
       Dagger            |    50 |    81 ||   131
 Abil: Bat Form          |       |     1 ||     1
 Stab: Sleeping          |     8 |     3 ||    11
  Eat: Corpse            |    12 |     1 ||    13
Armor: Robe              |    15 |    11 ||    26
Dodge: Dodged            |    55 |    42 ||    97
